 Dungeon Crawl Stone Soup version 0.28.0-53-g5a82cb258f (webtiles) character file.

Game seed: 4907640818847983117

2331 ZappyNine the Covert (level 9, -3/47 HPs)
             Began as a Spriggan Brigand on June 29, 2022.
             Killed from afar by an acid dragon (24 damage)
             ... with a splash of acid
             ... on level 7 of the Dungeon.
             The game lasted 00:10:04 (8272 turns).

ZappyNine the Covert (Spriggan Brigand)             Turns: 8272, Time: 00:10:05

Health: -3/47      AC:  3    Str:  9    XL:     9   Next: 19%
Magic:  10/10      EV: 23    Int: 12    God:
Gold:   429        SH:  0    Dex: 19    Spells: 8/8 levels left

rFire   . . .      SeeInvis +   a - +2 dagger (venom)
rCold   + . .      Faith    .   (no shield)
rNeg    . . .      Spirit   .   b - +0 robe
rPois   .          Reflect  .   (helmet restricted)
rElec   .          Harm     .   c - +0 cloak
rCorr   .          Rampage  .   (gloves unavailable)
Will    +....                   (boots unavailable)
Stlth   +++++.....              (no amulet)
HPRegen 0.15/turn               m - ring of protection from cold
MPRegen 0.12/turn               w - ring of wizardry

@: studying Throwing, very quick
A: very small, no large weapons, unfitting armour, see invisible, speed 3
a: no special abilities


You were on level 7 of the Dungeon.
You visited 1 branch of the dungeon, and saw 7 of its levels.

You collected 429 gold pieces.

Inventory:

Hand Weapons
 a - a +2 dagger of venom (weapon)
 g - a +2 dagger of draining
Missiles
 d - 8 poisoned darts (quivered)
 e - a curare-tipped dart
 q - 4 datura-tipped darts
Armour
 b - a +0 robe (worn)
 c - a +0 cloak (worn)
Jewellery
 m - a ring of protection from cold (left hand)
 w - a ring of wizardry (right hand)
Scrolls
 i - 3 scrolls of fear {unknown}
 j - 2 scrolls of immolation {unknown}
 l - a scroll of fog {unknown}
 n - 3 scrolls of enchant armour {unknown}
 p - 4 scrolls of identify {unknown}
 r - a scroll of vulnerability {unknown}
 s - 2 scrolls of teleportation {unknown}
 t - a scroll of amnesia {unknown}
 u - 2 scrolls of magic mapping {unknown}
 x - a scroll of torment {unknown}
Potions
 f - 3 potions of curing {unknown}
 h - 2 potions of degeneration {unknown}
 k - a potion of berserk rage {unknown}
 o - a potion of mutation {unknown}
 v - 4 potions of lignification {unknown}


   Skills:
 + Level 5.3 Fighting
 + Level 7.0 Short Blades
 - Level 2.0 Throwing
 + Level 8.0 Dodging
 + Level 11.2 Stealth


You had 8 spell levels left.
You didn't know any spells.
Your spell library contained the following spells:

 Spells                   Type           Power      Damage    Failure   Level
 Animate Skeleton         Necr           0%         N/A       13%         1
 Apportation              Tloc           0%         N/A       13%         1
 Freeze                   Ice            0%         1d3       13%         1
 Sandblast                Erth           0%         2d4       13%         1
 Summon Small Mammal      Summ           0%         N/A       13%         1
 Passwall                 Tmut/Erth      0%         N/A       21%         2
 Frozen Ramparts          Ice            0%         1d2       36%         3
 Stone Arrow              Conj/Erth      0%         3d7       36%         3
 Tukima's Dance           Hex            0%         N/A       36%         3
 Hailstorm                Conj/Ice       0%         3d3       75%         4
 Passage of Golubria      Tloc           0%         N/A       75%         4
 Alistair's Intoxication  Tmut/Pois      0%         N/A       97%         5
 Borgnjor's Vile Clutch   Necr/Erth      0%         N/A       97%         5
 Iskenderun's Battlesphe  Conj           0%         2d6       97%         5
 Yara's Violent Unravell  Hex/Tmut       0%         3d3       97%         5
 Eringya's Noxious Bog    Tmut/Pois      0%         N/A       100%        6
 Iron Shot                Conj/Erth      0%         9d1       100%        6
 Malign Gateway           Summ/Tloc      0%         N/A       100%        7
 Spellforged Servitor     Conj/Summ      0%         N/A       100%        7
 Summon Horrible Things   Summ           0%         N/A       100%        8


Dungeon Overview and Level Annotations

Branches:
Dungeon (7/15)
 Temple: D:4-7

Altars:


Innate Abilities, Weirdness & Mutations

You are very small and have problems with some larger weapons.
You are too small for most types of armour.
You have supernaturally acute eyesight. (SInv)
You cover ground extremely quickly. (Speed+++)


Message History

You hit the centaur skeleton.
The centaur skeleton is severely damaged.
The centaur skeleton hits you but does no damage.
The centaur skeleton barely misses you.
You hit the centaur skeleton.
The centaur skeleton is severely damaged.
The black bear bites you.
The black bear claws you but does no damage.
The black bear claws you.
You hit the centaur skeleton.
The centaur skeleton is almost destroyed.
The centaur skeleton completely misses you.
The centaur skeleton closely misses you.
You hit the centaur skeleton.
You destroy the centaur skeleton!
The acid dragon bites you! The acid dragon closely misses you.
The black bear misses you.
The black bear completely misses you. x2
You are too injured to fight recklessly!
You are too injured to fight recklessly!
You are too injured to fight recklessly!
You are too injured to fight recklessly!
You are too injured to fight recklessly!
You are too injured to fight recklessly!
You are too injured to fight recklessly!
You are too injured to fight recklessly!
You are too injured to fight recklessly!
You are too injured to fight recklessly!
You are too injured to fight recklessly!
You are too injured to fight recklessly!
You are too injured to fight recklessly!
You are too injured to fight recklessly!
You are too injured to fight recklessly!
You are too injured to fight recklessly!
You are too injured to fight recklessly!
You are too injured to fight recklessly!
Unknown command.
The acid dragon spits acid at you. The splash of acid hits you!!
Ouch! That really hurt!
You die...

.......###..##.#
.###..........#...
.................#
................### ..#
.##...##hD........ . ....#
#.. ##.....#..### ..#.# +.
+........../. # #.#.# #
##..../....# # #.#.#
#@........# # #.#.#
#.######.#.......# # #.#.#
#................#
###.#.#######.......##.#...
......................>....
##..#.......#..#.#........#
###.......#.#..#.#######..#
# #...#+#.#.#!.#+# ... #
#...# #.#.#...


You could see a black bear and an acid dragon (catching breath).

Vanquished Creatures
  Sigmund (D:2)
  A wyvern (D:6)
  A steam dragon (D:6)
  3 ice beasts
  A sky beast (D:5)
  A black bear (D:5)
  2 ogres (D:6)
  2 centaurs (D:6)
  2 phantoms
  A bullfrog (D:7)
  A wyvern zombie (D:5)
  2 scorpions
  A howler monkey (D:4)
  A centaur zombie (D:6)
  A bullfrog zombie (D:7)
  A hound (D:4)
  A gnoll shaman (D:6)
  2 centaur skeletons
  A bullfrog skeleton (D:7)
  Natasha (thrice) (D:2)
  4 iguanas
  An orc wizard (D:3)
  Terence (D:2)
  A hound zombie (D:5)
  6 gnolls
  8 adders
  A shadow imp (D:7)
  3 white imps
  2 ufetubi
  2 adder skeletons (D:4)
  A worm (D:4)
  2 dart slugs
  8 orcs
  5 endoplasms
  5 giant cockroaches
  8 goblins
  6 hobgoblins
  2 jackals (D:1)
  6 kobolds
  A quokka (D:1)
  5 ball pythons
  7 bats
  2 frilled lizards (D:1)
  4 rats
120 creatures vanquished.

Notes
Turn   | Place    | Note
-------+----------+-------------------------------------------
     0 | D:1      | ZappyNine the Spriggan Brigand began the quest for the Orb.
     0 | D:1      | Reached XP level 1. HP: 10/10 MP: 2/2
    41 | D:1      | Reached skill level 6 in Stealth
   150 | D:1      | Reached XP level 2. HP: 15/15 MP: 3/3
   701 | D:1      | Reached XP level 3. HP: 16/18 MP: 4/4
   871 | D:2      | Noticed Sigmund
   887 | D:2      | Killed Sigmund
   888 | D:2      | Reached skill level 7 in Stealth
   888 | D:2      | Reached XP level 4. HP: 9/23 MP: 5/5
   888 | D:2      | Reached XP level 5. HP: 10/27 MP: 6/6
  1243 | D:2      | Noticed Natasha
  1252 | D:2      | Killed Natasha
  1530 | D:2      | Noticed Natasha
  1664 | D:2      | Found a faded altar of an unknown god.
  1703 | D:2      | Reached XP level 6. HP: 32/32 MP: 7/7
  1709 | D:2      | Noticed Terence
  1717 | D:2      | Killed Terence
  1797 | D:2      | Killed Natasha
  1901 | D:2      | Noticed Natasha
  1951 | D:2      | Killed Natasha
  2722 | D:3      | Identified the +0 ring mail of Amorality {Str+2}
  3059 | D:3      | Reached skill level 8 in Stealth
  3523 | D:4      | Reached XP level 7. HP: 36/36 MP: 8/8
  3617 | D:4      | Reached skill level 5 in Dodging
  4070 | D:5      | Entered Level 5 of the Dungeon
  5610 | D:5      | Reached skill level 5 in Short Blades
  5909 | D:5      | Reached skill level 9 in Stealth
  5998 | D:5      | Reached XP level 8. HP: 31/42 MP: 9/9
  6772 | D:6      | Reached skill level 10 in Stealth
  7463 | D:6      | Reached skill level 5 in Fighting
  7472 | D:6      | Reached XP level 9. HP: 47/47 MP: 10/10
  7961 | D:6      | Reached skill level 11 in Stealth
  8272 | D:7      | Killed from afar by an acid dragon

Illustrated notes

Levels and vault maps discovered:
D:1:      sevenhm_arrival_forest_fort_small_3, layout_loops_ring,
          minmay_misc_feat_roman, minmay_misc_feat_five
D:2:      layout_loops_cross, chequers_ecumenical_altar_grove, uniq_terence,
          uniq_sigmund, uniq_natasha
D:3:      layout_basic
D:4:      layout_gridville
D:5:      layout_cave_pools, hangedman_decor_peaks_small,
          chequers_serial_rivers_micro_d
D:6:      layout_loops_corners, minmay_manual_mares
D:7:      layout_basic, temple_doors_ab

Skill      XL: |  1  2  3  4  5  6  7  8  9 |
---------------+----------------------------+-----
Stealth        | 6 7 8 9 10 11 | 11.2
Dodging        | 2 3 4 6 7 8 |  8.0
Fighting       | 2 3 4 5 |  5.3
Short Blades   | 3 4 5 6 7 |  7.0
Throwing       | |  2.0

Action                   |  1- 3 |  4- 6 |  7- 9 || total
-------------------------+-------+-------+-------++-------
Melee: Dagger            |    51 |   169 |   358 ||   578
       Punch             |       |     3 |     5 ||     8
Throw: Dart              |     5 |       |     2 ||     7
  Use: Potion            |       |       |     1 ||     1
 Stab: Sleeping          |    11 |    15 |    19 ||    45
       Distracted        |       |     1 |       ||     1
Armor: Robe              |     5 |    16 |    32 ||    53
Dodge: Dodged            |    34 |    94 |   263 ||   391
